 Dungeon Crawl Stone Soup version 0.14-a0-2730-g72a2965 (webtiles) character file.

2668 Bloax the Martial Artist (level 9, -4/79 HPs)
             Began as a Minotaur Monk on Feb 21, 2014.
             Was an Elder of Cheibriados.
             Killed from afar by Erolcha (26 damage)
             ... with a fireball
             ... on Level 8 of the Dungeon.
             The game lasted 00:20:26 (1942 turns).

Bloax the Martial Artist (Minotaur Monk)            Turns: 1942, Time: 00:20:27

HP  -4/79        AC  6     Str 26      XL: 9   Next: 27%
MP   5/6         EV 24     Int 17      God: Cheibriados [****..]
Gold 189         SH  0     Dex 31      Spells:  0 memorised,  8 levels left

rFire  . . .     SeeInvis .       - Unarmed
rCold  . . .     Clarity  .     g - +0 orc scale mail (curse)
rNeg   . . .     Conserve .     (no shield)
rPois  +         rCorr    .     (helmet restricted)
rElec  .         rRot     .     (no cloak)
SustAb . .       Spirit   .     (no gloves)
rMut   .         Warding  .     (no boots)
Saprov . . .     Stasis   .     (no amulet)
MR     +....                    j - ring of poison resistance
                                c - ring of regeneration {The One}

@: agile, very slow, somewhat resistant to hostile enchantments, fairly stealthy
A: retaliatory headbutt, horns 2, magic resistance 1, slow metabolism 1, wild
magic 1
a: Bend Time, Temporal Distortion, Slouch, Renounce Religion


You were on level 8 of the Dungeon.
You worshipped Cheibriados.
Cheibriados was greatly pleased with you.
You were hungry.

You visited 1 branch of the dungeon, and saw 9 of its levels.

You collected 189 gold pieces.


Innate Abilities, Weirdness & Mutations

You reflexively headbutt those who attack you in melee.
You have a pair of horns on your head.
You are resistant to hostile enchantments.
You have a slow metabolism.
Your spells are a little harder to cast, but a little more powerful.


   Skills:
 - Level 7.2 Fighting
 * Level 9.3 Dodging
 - Level 1.5 Stealth
 * Level 9.8 Unarmed Combat
 + Level 1.7 Invocations


You had 8 spell levels left.
You didn't know any spells.

Dungeon Overview and Level Annotations

Branches:
Dungeon (9/16)             Temple (0/1) D:6
    Orc: D:9-12        Lair: D:8-11

Altars:
Cheibriados
Dithmenos
Kikubaaqudgha
Okawaru
Sif Muna
Yredelemnul

Shops:
D:7 [   D:8 (

Annotations:
D:8 Erolcha

Inventory:

Hand weapons
 a - a +3,+2 sling
   (You took it off Joseph on level 8 of the Dungeon)
 q - a +1,+1 short sword of flaming
   (You took it off a kobold on level 3 of the Dungeon)
 s - a +0 blowgun
   (You took it off a kobold on level 4 of the Dungeon)
Missiles
 e - 15 exploding sling bullets
 p - 8 tomahawks of returning (quivered)
 t - 15 poisoned needles
Armour
 g - a cursed +0 orcish scale mail (worn)
   (You took it off an orc on level 3 of the Dungeon)
 w - a +0 plate armour
   (You found it on level 8 of the Dungeon)
Magical devices
 k - a wand of slowing (0)
   (You took it off a goblin on level 3 of the Dungeon)
Comestibles
 b - a bread ration
 r - a choko
Scrolls
 n - 3 scrolls of remove curse
Jewellery
 c - a ring of regeneration (left hand) {The One}
   (You found it on level 1 of the Dungeon)
 f - an uncursed ring of wizardry
   (You found it on level 8 of the Dungeon)
 i - an uncursed ring of hunger {unknown}
   (You found it on level 1 of the Dungeon)
 j - a ring of poison resistance (right hand)
   (You found it on level 1 of the Dungeon)
 l - an uncursed ring of flight
   (You found it on level 2 of the Dungeon)

#.#.# #......###.###.# ###
#.#.# #..............# #.#.#
#..%...........#
#.#.######.........ยค....#
#.#...).....................
#.########......######.....
#.# #......# #..... #.#
######......######..... #.#
#.O.....@............. #.#
#.#####.###..#######.# #.#
#.#####.# #..# #)# #.#
#.##....# #..# ###(## #.#
#.##....# #..### #{...# #
#.# #.##....#
#....###...)### #.#
#.##...## #....))).......
#.# #.##...# #....###....###
#.###O##...# #....# #....# #


You could see Erolcha.


Message History

You feel a bit more experienced.
The exploding sling bullet explodes!
The explosion of sling bullet fragments engulfs you!
The explosion of sling bullet fragments engulfs the orc warrior.
The orc warrior is severely wounded.
The explosion of sling bullet fragments engulfs the freed slave.
The freed slave is almost dead.
The orc wizard completely misses you.
The orc warrior barely misses the freed slave.
The orc wizard misses you. You furiously retaliate!
You headbutt the orc wizard!
You kill the orc wizard!
Cheibriados thoroughly appreciates the change of pace.
Unknown command.
Wield which item (- for none, * to show all)? (? for menu, Esc to quit)
You are now empty-handed.
Unknown command.
Unknown command.
Wield which item (- for none, * to show all)? (? for menu, Esc to quit)
a - a +3,+2 sling (weapon)
The orc warrior closely misses the freed slave.
Unknown command.
Firing (i - inventory. (,) - cycle):
e - 16 exploding sling bullets (quivered)
Aim: an orc warrior, wielding an orcish flail and wearing an orcish chain mail (severely wounded, moving slowly)
Okay, then.
The orc warrior is no longer moving slowly.
Things that are here:
an orcish dagger; an orcish robe; an orc corpse Unknown command.
Firing (i - inventory. (,) - cycle):
e - 16 exploding sling bullets (quivered)
Aim: an orc warrior, wielding an orcish flail and wearing an orcish chain mail (severely wounded)
You shoot an exploding sling bullet.
The exploding sling bullet hits the orc warrior.
The orc warrior is severely wounded.
The exploding sling bullet explodes!
The explosion of sling bullet fragments engulfs the orc warrior.
The orc warrior is severely wounded.
The orc warrior completely misses you. You furiously retaliate!
You headbutt the orc warrior, but do no damage.
Unknown command.
Unknown command.
Wield which item (- for none, * to show all)? (? for menu, Esc to quit)
You are now empty-handed.
An orc comes into view. It is wielding an orcish flail.
You closely miss the orc warrior.
The orc warrior is severely wounded.
The orc warrior barely misses you. You furiously retaliate!
You headbutt the orc warrior!
You kill the orc warrior!
Cheibriados thoroughly appreciates the change of pace.
Enter note: i am
Enter note: alive You feel yourself speed up.
Your magical contamination has completely faded away.
Items here: %% ) [[ the rotting human corpse of Joseph; a rotting human corpse; a leather armour an uncursed runed quarterstaff; an animal skin You see here an animal skin.
You punch the orc!
You kill the orc!
Cheibriados appreciates the change of pace.
Things that are here:
the rotting big kobold corpse of Pikel; a robe; a runed whip
Enter note:
Enter note: why Unknown command.
Erolcha shouts!
Erolcha casts a spell at you.
The fireball explodes!
The fireball engulfs you!
One of your 4 scrolls of remove curse catches fire!
You die...

Action                   |  1- 3 |  4- 6 |  7- 9 || total
-------------------------+-------+-------+-------++-------
Melee: Unarmed           |    56 |    71 |    74 ||   201
 Fire: Sling             |       |       |     5 ||     5
Throw: Tomahawk          |       |     9 |       ||     9
Invok: Bend Time         |       |       |     1 ||     1
Evoke: Wand              |       |     1 |       ||     1
  Use: Scroll            |     5 |     3 |     5 ||    13
       Potion            |     2 |     4 |     9 ||    15

Vault maps used:
D:1:      sevenhm_arrival_forest_fort_large_4, bh_walls_and_bars
D:3:      tso_altar, cheibriados_altar_wand_db
D:4:      grunt_dithmenos_smoke_and_mirrors, lemuel_crystal_altar,
          okawaru_trees_2, first_bread
D:5:      zin_academy, tgw_sif, serial_shops, nicolae_shop_behind_doors,
          uniq_duvessa
D:6:      lemuel_round_altar, minmay_temple_entry_poolview,
          minmay_misc_feat_doors, minmay_holes
D:7:      serial_shops, nicolae_shop_behind_doors, grunt_livestock
D:8:      lair_0_dummy, serial_shops, nicolae_shop_overgrown_old_shop,
          uniq_pikel, uniq_erolcha, uniq_joseph
D:9:      hangedman_cross_cluster, grunt_tough_drop

Notes
Turn   | Place    | Note
--------------------------------------------------------------
     0 | D:1      | Bloax, the Minotaur Monk, began the quest for the Orb.
     0 | D:1      | Reached XP level 1. HP: 19/19 MP: 1/1
   250 | D:2      | Reached XP level 2. HP: 27/27 MP: 1/1
   477 | D:3      | Found a snail-covered altar of Cheibriados.
   501 | D:3      | Became a worshipper of Cheibriados the Contemplative
   514 | D:3      | Reached skill level 5 in Unarmed Combat
   521 | D:3      | Reached XP level 3. HP: 20/33 MP: 2/2
   646 | D:4      | HP: 3/33 [orc priest/divine providence (15)]
   650 | D:3      | Reached skill level 4 in Dodging
   833 | D:2      | Reached skill level 4 in Fighting
   845 | D:2      | Reached XP level 4. HP: 36/40 MP: 2/2
  1030 | D:4      | Found an iron altar of Okawaru.
  1030 | D:4      | Noticed an ogre
  1034 | D:4      | Killed an ogre
  1034 | D:4      | Reached XP level 5. HP: 45/47 MP: 2/2
  1051 | D:4      | Reached skill level 5 in Dodging
  1056 | D:4      | Acquired Cheibriados' first power
  1077 | D:4      | Found a shadowy altar of Dithmenos.
  1091 | D:4      | Noticed an ogre
  1096 | D:4      | Killed an ogre
  1096 | D:4      | Reached skill level 6 in Unarmed Combat
  1096 | D:4      | Reached XP level 6. HP: 55/55 MP: 3/3
  1117 | D:4      | Found a basalt altar of Yredelemnul.
  1168 | D:5      | Entered Level 5 of the Dungeon
  1185 | D:5      | hehehe
  1205 | D:5      | Reached skill level 5 in Fighting
  1233 | D:5      | Found a deep blue altar of Sif Muna.
  1233 | D:5      | Noticed Blork the orc
  1238 | D:6      | Gained mutation: You are resistant to hostile enchantments. [potion of mutation]
  1238 | D:6      | Gained mutation: You have a slow metabolism. [potion of mutation]
  1238 | D:6      | Gained mutation: Your spells are a little harder to cast, but a little more powerful. [potion of mutation]
  1239 | D:6      | HP: 20/84 [Blork the orc/orcish glaive (9)]
  1246 | D:6      | Killed Blork the orc
  1259 | D:6      | the power
  1259 | D:6      | of /r/trees
  1313 | D:6      | Found a staircase to the Ecumenical Temple.
  1438 | D:6      | Reached skill level 6 in Dodging
  1438 | D:6      | Reached XP level 7. HP: 56/61 MP: 3/3
  1447 | D:6      | i'd rather suffer gnolls
  1447 | D:6      | than BEES
  1509 | D:6      | Found an ancient bone altar of Kikubaaqudgha.
  1565 | D:7      | Acquired Cheibriados' second power
  1575 | D:7      | Found Desabio's Armour Shop.
  1630 | D:8      | Reached skill level 7 in Unarmed Combat
  1634 | D:8      | Noticed Pikel
  1644 | D:8      | Noticed Joseph
  1646 | D:8      | Killed Pikel
  1646 | D:8      | Reached skill level 6 in Fighting
  1646 | D:8      | Reached skill level 7 in Dodging
  1646 | D:8      | Reached skill level 8 in Unarmed Combat
  1646 | D:8      | Reached XP level 8. HP: 35/70 MP: 3/3
  1648 | D:8      | jesus christ
  1648 | D:8      | HELP
  1648 | D:8      | H
  1648 | D:8      | E
  1648 | D:8      | L
  1648 | D:8      | P
  1648 | D:8      | SOS
  1648 | D:8      | SEND HELP
  1651 | D:8      | jesus christ that's terrifying
  1678 | D:8      | Killed Joseph
  1678 | D:8      | Reached skill level 7 in Fighting
  1678 | D:8      | Reached skill level 8 in Dodging
  1678 | D:8      | Reached skill level 9 in Unarmed Combat
  1757 | D:8      | Found Qiczumou's Antique Weapon Shoppe.
  1796 | D:8      | Reached XP level 9. HP: 74/79 MP: 4/4
  1810 | D:8      | tfw monk
  1814 | D:8      | Paralysed by a giant eyeball for 3 turns
  1841 | D:8      | Noticed Erolcha
  1842 | D:8      | eeeeep
  1844 | D:8      | thanks rat
  1849 | D:8      | well then
  1852 | D:8      | Reached skill level 9 in Dodging
  1853 | D:8      | HP: 17/79 [something/fireball (15)]
  1861 | D:9      | HP: 19/79 [orc/orcish club (2)]
  1873 | D:8      | HP: 15/79 [orc/orcish flail (5)]
  1898 | D:8      | christ really
  1898 | D:8      | HP: 5/79 [orc priest/divine providence (17)]
  1903 | D:8      | HP: 10/79 [something/magic dart (8)]
  1910 | D:8      | HP: 3/79 [orc warrior/orcish war axe (12)]
  1913 | D:8      | Reached skill level 1 in Invocations
  1922 | D:8      | i am
  1922 | D:8      | alive
  1933 | D:8      | why
  1942 | D:8      | Killed from afar by Erolcha

Vanquished Creatures
  Joseph (D:8)
  Pikel (D:8)
  A hill giant zombie (D:8)
  2 orc warriors (D:8)
  3 ogres
  A centaur (D:8)
  A giant frog (D:8)
  Blork the orc (D:6)
  2 killer bees (D:8)
  4 wights (D:8)
  A crimson imp (D:6)
  A centaur skeleton (D:8)
  An orc priest (D:8)
  2 hounds
  An iguana (D:4)
  4 orc wizards
  A crocodile zombie (D:6)
  6 gnolls
  3 adders
  A worm (D:2)
  An iguana zombie (D:5)
  A giant eyeball (D:8)
  6 giant geckos
  19 orcs
  2 bats (D:3)
  A bat skeleton (D:8)
  4 goblins
  8 hobgoblins
  7 kobolds
  A quokka (D:8)
  5 giant cockroaches
  A giant newt (D:3)
  A hobgoblin skeleton (D:5)
  A kobold zombie (D:6)
  5 rats
101 creatures vanquished.

Vanquished Creatures (others)
  3 slaves (D:8)
  An orc wizard (D:8)
  2 gnolls (D:8)
  An orc (D:8)
  A kobold (D:8)
  A rat (D:8)
9 creatures vanquished.

Grand Total: 110 creatures vanquished
